 Dungeon Crawl Stone Soup version 0.29.0-11-gd7f09526c8 (webtiles) character file.

Game seed: 15750903943015942604

134 concernfroge the Trooper (level 4, 0/40 HPs)
             Began as a Mummy Monk on Sept 3, 2022.
             Slain by a gnoll
             ... wielding a +0 halberd
              (9 damage)
             ... on level 3 of the Dungeon.
             The game lasted 00:07:37 (2975 turns).

concernfroge the Trooper (Mummy Monk)               Turns: 2975, Time: 00:07:38

Health: 0/40       AC:  8    Str: 16    XL:     4   Next: 95%
Magic:  4/4        EV:  7    Int:  9    God:
Gold:   137        SH:  0    Dex: 14    Spells: 3/3 levels left

rFire   x . .      SeeInvis .   a - +0 spear
rCold   + . .      Faith    .   (no shield)
rNeg    + + +      Spirit   .   e - +0 chain mail
rPois   ∞          Reflect  .   (no helmet)
rElec   .          Harm     .   (no cloak)
rCorr   .          Rampage  .   (no gloves)
Will    .....                   (no boots)
Stlth   ..........              h - amulet of regeneration
HPRegen 0.93/turn               (no ring)
MPRegen 0.09/turn               (no ring)

@: about to teleport
A: cold resistance 1, negative energy resistance 3, torment resistance 2, heat
vulnerability 1, in touch with death 1, no potions
a: no special abilities


You were on level 3 of the Dungeon.
You visited 1 branch of the dungeon, and saw 3 of its levels.

You collected 137 gold pieces.

Inventory:

Hand Weapons
 a - a +0 spear (weapon)
Missiles
 b - 2 boomerangs (quivered)
Armour
 e - a +0 chain mail (worn)
Jewellery
 h - an amulet of regeneration (around neck)
Scrolls
 c - a scroll of vulnerability
 g - a scroll of teleportation


   Skills:
 + Level 5.7 Fighting
 - Level 2.4 Polearms
 - Level 2.4 Dodging
 - Level 1.5 Stealth


You had 3 spell levels left.
You didn't know any spells.
Your spell library contained the following spells:

 Spells                   Type           Power      Damage    Failure   Level
 Summon Hydra             Summ           0%         N/A       100%        7
 Sublimation of Blood     Necr           Unusable   N/A       N/A         2
 Wereblood                Tmut           Unusable   N/A       N/A         2

Dungeon Overview and Level Annotations

Branches:
Dungeon (3/15)

Altars:


Innate Abilities, Weirdness & Mutations

You are immune to poison.
Your flesh is cold resistant. (rC+)
You are immune to negative energy. (rN+++)
You are immune to unholy pain and torment.
You are vulnerable to heat. (rF-)
You are in touch with the powers of death.
You do not drink.


Message History

The gnoll is lightly wounded.
The gnoll barely misses you. x2
You barely miss the gnoll.
The gnoll is lightly wounded.
The gnoll hits you with a +4 whip.
You hit the gnoll.
The gnoll is moderately wounded.
The gnoll is no longer blind.
The gnoll barely misses you.
You closely miss the gnoll.
The gnoll is moderately wounded.
The gnoll hits you from afar with a +0 halberd.
The gnoll hits you with a +4 whip.
You hit the gnoll.
The gnoll is heavily wounded.
The gnoll hits you but does no damage. x2
You barely miss the gnoll.
The gnoll is heavily wounded.
The gnoll closely misses you. The gnoll hits you but does no damage.
You barely miss the gnoll.
The gnoll is heavily wounded.
The gnoll hits you from afar with a +0 halberd.
The gnoll hits you with a +4 whip.
You hit the gnoll but do no damage.
The gnoll is heavily wounded.
The gnoll hits you from afar with a +0 halberd!
The gnoll hits you but does no damage. The gnoll attacks as you move away!
The gnoll hits you with a +4 whip.
* * * LOW HITPOINT WARNING * * *
Throw: dart (atropa)
Press: ? - help, Q - select action, (/) - cycle Shift-Dir - straight line, f - gnoll, p - gnoll
Aim: a gnoll, wielding a +0 halberd (64% to hit, chance to blind on hit: 100%)
You throw an atropa-tipped dart.
The atropa-tipped dart closely misses the gnoll.
The atropa-tipped dart closely misses the gnoll.
The gnoll hits you but does no damage. The gnoll hits you with a +4 whip.
* * * LOW HITPOINT WARNING * * *
As you read the scroll of teleportation, it crumbles to dust.
You feel strangely unstable.
The gnoll hits you from afar with a +0 halberd!
You die...

.## #.####..# ###### .#
#.# ##..# .# .# #.###...#
.# +## #.#.....# .# #
..## #.#.#...# .# ##
...## #.#.###.# .# ##.
....###.#.>##.# .# ##..
.....##.......####.###...
#...
.....'..........@gg).....
+...
.....####...##########...
#... ....## #..## ##..
...## ###.####### ##.
..## #.[.......# ## +##
#.[..####.# ### .#
##)#.#.###.# #.. .#
#)[#....##.# #.# .##
##[###.###.# ..##.#


You could see 2 gnolls.

Vanquished Creatures
  An orc wizard (D:3)
  2 gnolls
  3 adders
  A dart slug (D:2)
  3 orcs (D:3)
  2 ball pythons
  3 bats
  5 endoplasms
  2 giant cockroaches
  7 goblins
  7 hobgoblins
  2 jackals (D:3)
  4 kobolds (D:1)
  2 quokkas
  2 frilled lizards
  4 rats
50 creatures vanquished.

Vanquished Creatures (collateral kills)
  A worm (D:2)
1 creature vanquished.

Grand Total: 51 creatures vanquished

Notes
Turn   | Place    | Note
-------+----------+-------------------------------------------
     0 | D:1      | concernfroge the Mummy Monk began the quest for the Orb.
     0 | D:1      | Reached XP level 1. HP: 18/18 MP: 1/1
   215 | D:1      | Reached XP level 2. HP: 24/24 MP: 2/2
   808 | D:2      | Reached skill level 4 in Fighting
   927 | D:2      | Gained mutation: You are in touch with the powers of death.
                  | [Mummy growth]
   927 | D:2      | Reached XP level 3. HP: 27/30 MP: 3/3
  1937 | D:3      | Reached skill level 5 in Fighting
  1937 | D:3      | Reached XP level 4. HP: 31/39 MP: 4/4
  2975 | D:3      | Slain by a gnoll

Illustrated notes

Levels and vault maps discovered:
D:1:      elethiomel_arrival_shortcut, layout_loops_cross, chequers_arboretum,
          serial_bayou_pond_c, corexii_leaking_fountain
D:2:      layout_loops_ring
D:3:      layout_loops_corners

Skill      XL: |  1  2  3 |
---------------+----------+-----
Fighting       | 4 5 |  5.7
Polearms       | |  2.4
Dodging        | |  2.4
Stealth        | |  1.5

Action                   |  1- 3 |  4- 6 || total
-------------------------+-------+-------++-------
Melee: Spear             |   114 |    81 ||   195
Throw: Boomerang         |    55 |    25 ||    80
       Dart              |       |     2 ||     2
  Use: Scroll            |     2 |     4 ||     6
 Stab: Sleeping          |     3 |       ||     3
       Distracted        |       |     1 ||     1
Armor: Leather armour    |    27 |     3 ||    30
       Chain mail        |       |    11 ||    11
       Ring mail         |       |     6 ||     6
Dodge: Dodged            |    41 |    42 ||    83
